 Dungeon Crawl Stone Soup version 0.18-a0-1572-g0a86841 (webtiles) character file.

186 Oddball22 the Stinger (level 5, 0/34 HPs)
             Began as an Octopode Venom Mage on Mar 15, 2016.
             Slain by a worker ant (5 damage)
             ... on level 4 of the Dungeon.
             The game lasted 00:07:40 (2591 turns).

Oddball22 the Stinger (Octopode Venom Mage)         Turns: 2591, Time: 00:07:40

Health: 0/34       AC:  1    Str:  7    XL:     5   Next: 66%
Magic:  8/11       EV: 12    Int: 19    God:
Gold:   73         SH:  0    Dex: 12    Spells: 3 memorised, 6 levels left

rFire  . . .     SeeInvis .     r - +0 hand axe
rCold  . . .     Gourm    .     (no shield)
rNeg   . . .     Faith    .     (helmet restricted)
rPois  .         Spirit   .     (no amulet)
rElec  .         Dismiss  .     (no ring)
rCorr  .         Reflect  .     (no ring)
SustAt .         Harm     .     (no ring)
MR     .....                    (no ring)
Stlth  +++.......               (no ring)
                                (no ring)
                                (no ring)
                                (no ring)

@: lethally poisoned (0 -> -6), not resistant to hostile enchantments, fairly
stealthy
A: almost no armour, amphibious, 8 rings, constrict 8, camouflage 1, gelatinous
body 1
a: no special abilities


You were on level 4 of the Dungeon.
You were not hungry.

You visited 1 branch of the dungeon, and saw 4 of its levels.

You collected 73 gold pieces.

Inventory:

Hand Weapons
 r - a +0 hand axe (weapon)
 v - a +0 blowgun
Missiles
 q - 10 sling bullets
 u - 15 poisoned needles
Armour
 s - a +2 shield of fire resistance
Scrolls
 g - a scroll of random uselessness {unknown}
 h - 2 scrolls of remove curse
 i - a scroll of enchant weapon {unknown}
 m - a scroll of blinking {unknown}
 n - a scroll of recharging {unknown}
Potions
 d - a potion of magic {unknown}
 e - a potion of cure mutation {unknown}
 f - a potion of resistance {unknown}
 k - a potion of agility {unknown}
 t - a potion of haste {unknown}
 w - a potion of curing {unknown}
Books
 a - a Young Poisoner's Handbook

   Spells                             Type                      Level
   a - Sting                          Conjuration/Poison           1
   b - Cure Poison                    Poison                       2
   c - Mephitic Cloud                 Conjuration/Poison/Air       3
   d - Olgreb's Toxic Radiance        Poison                       4
   e - Venom Bolt                     Conjuration/Poison           5
Comestibles
 b - 4 bread rations
 j - a slice of pizza
 l - 2 meat rations
 o - 5 fruits


   Skills:
 + Level 1.9 Fighting
 - Level 2.0 Dodging
 - Level 2.6 Stealth
 * Level 4.0 Spellcasting
 - Level 1.2 Conjurations
 + Level 5.6 Poison Magic


You had 6 spell levels left.
You knew the following spells:

 Your Spells              Type           Power        Failure   Level  Hunger
a - Sting                 Conj/Pois      ###.         4%          1    None
b - Cure Poison           Pois           ####......   1%          2    ##.....
c - Mephitic Cloud        Conj/Pois/Air  ##......     17%         3    ###....


Dungeon Overview and Level Annotations

Branches:
Dungeon (4/15)
 Temple: D:4-7

Altars:
Makhleb


Innate Abilities, Weirdness & Mutations

You cannot wear most types of armour.
You are amphibious.
You can wear up to eight rings at the same time.
You can use your tentacles to constrict eight enemies at once.
Your skin changes colour to match your surroundings (Stealth).
Your rubbery body absorbs attacks (AC +1).


Message History

The orc priest closely misses you. The worker ant bites you.
* * * LOW HITPOINT WARNING * * *
You are poisoned.
The worker ant poisons you!
You barely miss the orc priest.
The orc priest is severely wounded.
You barely miss the worker ant. You constrict the orc priest.
* * * LOW HITPOINT WARNING * * *
You feel sick. The worker ant closely misses you.
The orc priest barely misses you.
You hit the orc priest.
The orc priest is almost dead.
You barely miss the worker ant. You constrict the orc priest.
You kill the orc priest!
Your Spellcasting skill increases to level 4!
* * * LOW HITPOINT WARNING * * *
You feel sick. The worker ant bites you.
* * * LOW HITPOINT WARNING * * *
The worker ant bites you.
You die...

#..........#
#..........#
#..........#
........<.#
###.##..#.....# .
.......<#.#.#.# ..
#.#.###.....#.##.#.##
#..####........
#...)@a........
#...####.......
#....# .......
..[...#.# .......
...........#.......
.......###.........
......o###.#.......
.......# #.# ..#
........ a.# .#


You could see a worker ant.

Vanquished Creatures
  An orc priest (D:4)
  An orc wizard (D:4)
  A gnoll (D:1)
  5 adders
  An ooze (D:1)
  A worm (D:3)
  A dart slug (D:2)
  3 giant geckos
  4 orcs
  4 giant cockroaches
  4 goblins
  8 hobgoblins
  2 jackals (D:1)
  A quokka (D:2)
  12 bats
  2 giant newts (D:1)
  4 kobolds
  6 rats
61 creatures vanquished.

Notes
Turn   | Place    | Note
--------------------------------------------------------------
     0 | D:1      | Oddball22 the Octopode Venom Mage began the quest for the Orb.
     0 | D:1      | Reached XP level 1. HP: 11/11 MP: 3/3
    86 | D:1      | Reached XP level 2. HP: 17/17 MP: 0/5
   193 | D:1      | Reached skill level 1 in Conjurations
   393 | D:1      | Reached skill level 5 in Poison Magic
   414 | D:1      | Reached XP level 3. HP: 18/21 MP: 2/7
  1427 | D:2      | Found a burning altar of Makhleb.
  1455 | D:2      | Reached XP level 4. HP: 23/27 MP: 4/8
  1490 | D:2      | Learned a level 2 spell: Cure Poison
  1494 | D:2      | Learned a level 3 spell: Mephitic Cloud
  1595 | D:2      | Reached skill level 1 in Fighting
  2239 | D:3      | Noticed a hungry ghost
  2255 | D:3      | Reached XP level 5. HP: 33/33 MP: 2/10
  2591 | D:4      | Slain by a worker ant

Vault maps used:
D:1:      ncdulo_wetmaze, serial_forest, infiniplex_forest_lined_room_3,
          infiniplex_forest_lined_3, infiniplex_forest_corner_2,
          infiniplex_forest_clump_medium, infiniplex_forest_end_double
D:2:      bloody_makhleb
D:4:      nemelex_xobeh_ov_fountains_minmay, kiku_gazebo_garden_becter,
          cheibrodos_ashenzari_chains

Skill      XL: |  1  2  3  4  5 |
---------------+----------------+-----
Conjurations   | 1 |  1.2
Poison Magic   | 5 |  5.6
Spellcasting   | 3 4 |  4.0
Fighting       | 1 |  1.9
Dodging        | |  2.0
Stealth        | |  2.6

Action                   |  1- 3 |  4- 6 || total
-------------------------+-------+-------++-------
Melee: Unarmed           |    57 |    22 ||    79
       Hand axe          |       |    24 ||    24
 Cast: Sting             |    46 |    35 ||    81
       Cure Poison       |       |     1 ||     1
  Use: Scroll            |       |     4 ||     4
 Stab: Sleeping          |     4 |     3 ||     7
       Distracted        |       |     1 ||     1
  Eat: Chunk             |     2 |     3 ||     5
